 Dungeon Crawl Stone Soup version 0.27-a0-1325-g58a489ad9e (webtiles) character file.

Game seed: 8442244881326773210

34 Phlounder the Skirmisher (level 3, -1/31 HPs)
             Began as a Djinni Wanderer on June 24, 2021.
             Slain by an adder (2 damage)
             ... on level 2 of the Dungeon.
             The game lasted 00:01:47 (978 turns).

Phlounder the Skirmisher (Djinni Wanderer)           Turns: 978, Time: 00:01:47

Health: -1/31      AC:  2    Str: 13    XL:     3   Next: 50%
Gold:   13         EV: 11    Int: 14    God:
                   SH:  0    Dex: 10

rFire    + + .     SeeInvis .   a - +2 spear
rCold    x . .     Faith    .   (no shield)
rNeg     . . .     Spirit   .   b - +0 robe
rPois    ∞         Reflect  .   (no helmet)
rElec    .         Harm     .   (no cloak)
rCorr    .         Rampage  .   (no gloves)
Will     .....                  (boots unavailable)
Stlth    +.........             (no amulet)
HPRegen  0.10/turn              (no ring)
MPRegen  0.00/turn              (no ring)

@: flying
A: sickness immunity, fire resistance 2, cold vulnerability 1, float, innate
caster, hp casting, extra vitality 1
a: no special abilities


You were on level 2 of the Dungeon.
You visited 1 branch of the dungeon, and saw 2 of its levels.

You collected 13 gold pieces.

Inventory:

Hand Weapons
 a - a +2 spear (weapon)
Missiles
 f - 15 stones
Armour
 b - a +0 robe (worn)
Scrolls
 c - a scroll of identify {unknown}
 e - a scroll of immolation {unknown}
Potions
 d - a potion of attraction {unknown}
 g - a potion of flight {unknown}
 h - a potion of cancellation {unknown}


   Skills:
 + Level 4.5 Fighting
 + Level 1.6 Polearms
 + Level 1.0 Crossbows
 + Level 1.0 Armour
 + Level 0.2 Dodging
 + Level 1.2 Stealth
 + Level 2.0 Evocations


You couldn't memorise any spells.
You knew the following spells:

 Your Spells              Type           Power      Damage    Failure   Level
a - Sandblast             Erth           0%         2d4       28%         1
b - Stone Arrow           Conj/Erth      0%         3d7       65%         3
c - Foxfire               Conj/Fire      0%         2x1d4     28%         1
d - Ignite Poison         Fire/Tmut/Pois 0%         N/A       65%         3
e - Corona                Hex            0%         N/A       28%         1

Your spell library contained the following spells:

 Spells                   Type           Power      Damage    Failure   Level


Dungeon Overview and Level Annotations

Branches:
Dungeon (2/15)

Altars:


Innate Abilities, Weirdness & Mutations

You are immune to sickness and miasma.
You are immune to poison.
Your flesh is very heat resistant. (rF++)
You are vulnerable to cold. (rC-)
You float through the air rather than walking.
You learn spells naturally, not from books.
Your magical power is your life essence.
You have superior vitality. (+4 HP)


Message History

The adder is severely wounded.
The adder bites you but does no damage. x2; The adder bites you. x2
You hit the adder.
The adder is severely wounded.
The adder barely misses you. The adder bites you.
You closely miss the adder.
The adder is severely wounded.
The adder barely misses you. The adder bites you.
You miss the adder.
The adder is severely wounded.
The adder misses you. The adder bites you. The adder barely misses you.
The adder bites you.
Unknown command.
You are too injured to fight recklessly!
You are too injured to fight recklessly!
You are too injured to fight recklessly!
You are too injured to fight recklessly!
You barely miss the adder.
The adder is severely wounded.
The adder bites you.
* * * LOW HITPOINT WARNING * * *
The adder barely misses you.
You hit the adder.
The adder is almost dead.
The adder closely misses you. The adder bites you.
* * * LOW HITPOINT WARNING * * *
The adder closely misses you.
You completely miss the adder.
The adder is almost dead.
The adder bites you.
* * * LOW HITPOINT WARNING * * *
The adder misses you. The adder bites you but does no damage.
You hit the adder.
You kill the adder!
The adder closely misses you.
You barely miss the adder. The adder bites you.
* * * LOW HITPOINT WARNING * * *
The adder misses you.
You barely miss the adder. The adder bites you.
You die...

#.#.#.#...#
#.....#...#
#.....#...#
#.#.#.#####
#.....#
#.....#
#.#.#.#
#.....#
#..@..#
#.#S#.#
#.....#
#.....#
#.#.#.#
#.....#
#.....#
#.#.# #


You could see an adder.

Vanquished Creatures
  An adder (D:2)
  2 ball pythons (D:1)
  4 bats
  2 endoplasms (D:1)
  A goblin (D:1)
  7 jackals (D:1)
  A kobold (D:1)
  2 frilled lizards (D:1)
  2 rats
22 creatures vanquished.

Notes
Turn   | Place    | Note
-------+----------+-------------------------------------------
     0 | D:1      | Phlounder the Djinni Wanderer began the quest for the Orb.
     0 | D:1      | Reached XP level 1. HP: 21/21 MP: 0/0
   198 | D:1      | Reached XP level 2. HP: 27/27 MP: 0/0
   423 | D:1      | Reached XP level 3. HP: 24/31 MP: 0/0
   423 | D:1      | Learned a level 1 spell: Corona
   977 | D:2      | HP: 1/31 [adder (5)]
   978 | D:2      | Slain by an adder

Illustrated notes

Levels and vault maps discovered:
D:1:      minmay_arrival_cross, layout_basic
D:2:      layout_basic, shapermc_ecumenical_altar_mp_vishouse,
          serial_corexii_hall, corexii_hall_statues_deadend,
          chequers_hall_statues_corner_a, columned_hall_lemuel,
          hangedman_decor_clover_reticule

Action                   || total
-------------------------++-------
Melee: Spear             ||    70
 Stab: Sleeping          ||     3
Armor: Robe              ||    14
Dodge: Dodged            ||    47

Table legend: (Time is in decaauts)
 A = Elapsed time spent in this place.
 B = Non-inter-level travel time spent in this place.
 C = Inter-level travel time spent in this place.
 D = Time resting spent in this place.
 E = Time spent auto-exploring this place.
 F = Levels seen in this place.
 G = Mean time per level.
                   A        B        C        D        E       F      G
               +--------+--------+--------+--------+--------+-----+--------+
         Total |    980 |    945 |     35 |      0 |    819 |   2 |  490.0 |
       Dungeon |    980 |    945 |     35 |      0 |    819 |   2 |  490.0 |
               +--------+--------+--------+--------+--------+-----+--------+

Top non-repeatable levels by time:
     D:1: 824 daAuts
     D:2: 156 daAuts
